XFBL
BOSTON RED SOX @ MINNESOTA TWINS
05/10/1982
 
TOP OF THE 1ST
Boston Red Sox batting - Pitching for Minnesota Twins : LHP Mauricio Valdivia
Pitching: LHP Mauricio Valdivia
Batting: LHB Claudell Washington 0-0: Ball
1-0: Fly out, F7 (Flyball, 7, EV 80.0 MPH)
Batting: RHB Richie Zisk 0-0: Foul Ball, location: 2F
0-1: Foul Ball, location: 2F
0-2: Ball
1-2: Fly out, F8 (Flyball, 8RD, EV 88.1 MPH)
Batting: LHB George Brett 0-0: Called Strike
0-1: Ball
1-1: Ball
2-1: SINGLE (Line Drive, 8RS, EV 89.4 MPH)
Batting: LHB Willie Aikens 0-0: Ball
1-0: SINGLE (Groundball, 34D, EV 108.1 MPH)
George Brett to second
Runner from 2nd tries for 3rd, SAFE, no throw by RF
Batting: SHB Reggie Smith 0-0: Ball
1-0: Called Strike
1-1: Foul Ball, location: 2F
1-2: Ball
2-2: Ball
3-2: SINGLE (Line Drive, 8LS, EV 103.1 MPH)
George Brett scores
Willie Aikens to second
Willie Aikens to third
Batting: SHB Dave Collins 0-0: Called Strike
0-1: Ball
1-1: Foul Ball, location: 2F
1-2: Ball
2-2: Strikes out swinging
Top of the 1st over - 1 run, 3 hits, 0 errors, 2 left on base; Boston 1 - Minnesota 0
BOTTOM OF THE 1ST
Minnesota Twins batting - Pitching for Boston Red Sox : LHP Victor Rose
Pitching: LHP Victor Rose
Batting: RHB Lee Lacy 0-0: Ball
1-0: Called Strike
1-1: Ground out 6-3 (Groundball, 6, EV 90.6 MPH)
Batting: RHB Steve Brye 0-0: Ball
1-0: Ball
2-0: Called Strike
2-1: Ball
3-1: Base on Balls
Batting: RHB Tom Brown 0-0: Ball
1-0: Swinging Strike
1-1: Ball
2-1: Fly out, F8 (Flyball, 89M, EV 97.5 MPH)
Batting: RHB Randy Edwards 0-0: Ball
1-0: Ball
2-0: Ground out 4-3 (Groundball, 4, EV 107.5 MPH)
Bottom of the 1st over - 0 runs, 0 hits, 0 errors, 1 left on base; Boston 1 - Minnesota 0
TOP OF THE 2ND
Boston Red Sox batting - Pitching for Minnesota Twins : LHP Mauricio Valdivia
Batting: RHB Kevin Klettke 0-0: Ball
1-0: Swinging Strike
1-1: Swinging Strike
1-2: Ball
2-2: Ball
3-2: Base on Balls
Batting: SHB Scotti Madison 0-0: Foul Ball, location: 2F
0-1: Swinging Strike
0-2: Ball
1-2: Ball
2-2: SINGLE (Flyball, 34D, EV 88.1 MPH)
Kevin Klettke to second
Batting: SHB Nelson Norman 0-0: Ball
1-0: Called Strike
1-1: Reached on error, E3 (Groundball, 34, EV 100.0 MPH)
Kevin Klettke to third
Scotti Madison to second
Batting: LHB Claudell Washington 0-0: Called Strike
0-1: DOUBLE (Groundball, 3L, EV 106.3 MPH)
Kevin Klettke scores
Scotti Madison scores
Nelson Norman to third
Runner from 3rd tries for Home, SAFE, throw by RF to home
Batting: RHB Richie Zisk 0-0: Foul Ball, location: 2F
0-1: Ball
1-1: Foul Ball, location: 2F
1-2: Ball
2-2: Ball
3-2: Foul Ball, location: 2F
3-2: Base on Balls
Batting: LHB George Brett 0-0: Grounds into double play, 4-6-3 (Groundball, 4, EV 80.0 MPH)
Claudell Washington to third
Batting: LHB Willie Aikens 0-0: Ball
1-0: Foul Ball, location: 2F
1-1: Called Strike
1-2: Strikes out swinging passed ball, reaches first!
Claudell Washington scores
Batting: SHB Reggie Smith 0-0: Called Strike
0-1: Ball
Balk!
Willie Aikens to second
1-1: Ball
2-1: Foul Ball, location: 2F
2-2: Strikes out swinging
Top of the 2nd over - 4 runs, 2 hits, 1 error, 1 left on base; Boston 5 - Minnesota 0
BOTTOM OF THE 2ND
Minnesota Twins batting - Pitching for Boston Red Sox : LHP Victor Rose
Batting: RHB Chet Lemon 0-0: SINGLE (Line Drive, 6MD, EV 100.6 MPH)
Batting: RHB Larry Hisle 0-0: Ball
1-0: Ball
2-0: Swinging Strike
2-1: Ball
3-1: SINGLE (Groundball, 6D, EV 100.6 MPH)
Chet Lemon to second
Batting: RHB George Foster 0-0: Called Strike
0-1: Ball
1-1: Foul Ball, location: 2F
1-2: Foul Ball, location: 2F
1-2: Foul Ball, location: 2F
1-2: Foul Ball, location: 2F
1-2: Ball
2-2: Ball
3-2: Base on Balls
Chet Lemon to third
Larry Hisle to second
Batting: LHB Ken Oberkfell 0-0: Called Strike
0-1: Ball
1-1: Grounds into double play, 6-4-3 (Groundball, 6, EV 81.9 MPH)
Chet Lemon scores
Larry Hisle to third
Batting: RHB Taylor Duncan 0-0: Ball
1-0: Foul Ball, location: 2F
1-1: Called Strike
1-2: Ground out 6-3 (Groundball, 6S, EV 76.3 MPH)
Bottom of the 2nd over - 1 run, 2 hits, 0 errors, 1 left on base; Boston 5 - Minnesota 1
TOP OF THE 3RD
Boston Red Sox batting - Pitching for Minnesota Twins : LHP Mauricio Valdivia
Batting: SHB Dave Collins 0-0: Foul Ball, location: 2F
0-1: Ball
1-1: Foul Ball, location: 2F
1-2: Ball
2-2: Strikes out swinging
Batting: RHB Kevin Klettke 0-0: Ball
1-0: Called Strike
1-1: Ball
2-1: Swinging Strike
2-2: Reached on error, E1 (Groundball, 13S, EV 65.0 MPH)
Batting: SHB Scotti Madison 0-0: Ball
Pickoff Throw to First - Out! 1-3
1-0: DOUBLE (Line Drive, 89D, EV 111.3 MPH)
Batting: SHB Nelson Norman 0-0: Ball
1-0: Ground out 4-3 (Groundball, 34, EV 102.5 MPH)
Top of the 3rd over - 0 runs, 1 hit, 1 error, 1 left on base; Boston 5 - Minnesota 1
BOTTOM OF THE 3RD
Minnesota Twins batting - Pitching for Boston Red Sox : LHP Victor Rose
Batting: RHB Lee Lacy 0-0: Ball
1-0: Foul Ball, location: 2F
1-1: Ground out 5-3 (Groundball, 56S, EV 71.9 MPH)
Batting: RHB Steve Brye 0-0: Called Strike
0-1: SOLO HOME RUN (Flyball, 78XD, EV 95.6 MPH), Distance : 399 ft
Batting: RHB Tom Brown 0-0: Fly out, F8 (Flyball, 89D, EV 76.9 MPH)
Batting: RHB Randy Edwards 0-0: Called Strike
0-1: SOLO HOME RUN (Line Drive, 89XD, EV 101.3 MPH), Distance : 390 ft
Batting: RHB Chet Lemon 0-0: Ball
1-0: Foul Ball, location: 2F
1-1: Ball
2-1: Ball
3-1: Ground out 6-3 (Groundball, 6S, EV 67.5 MPH)
Bottom of the 3rd over - 2 runs, 2 hits, 0 errors, 0 left on base; Boston 5 - Minnesota 3
TOP OF THE 4TH
Boston Red Sox batting - Pitching for Minnesota Twins : LHP Mauricio Valdivia
Batting: LHB Claudell Washington 0-0: Swinging Strike
0-1: Foul Ball, location: 2F
0-2: Ball
1-2: SINGLE (Groundball, 4D, EV 105.6 MPH)
Batting: RHB Richie Zisk 0-0: Ball
1-0: 2-RUN HOME RUN (Flyball, 7D, EV 95.0 MPH), Distance : 410 ft
Pitching: RHP Mark Fidrych
Batting: LHB George Brett 0-0: Ground out 6-3 (Groundball, 6, EV 108.8 MPH)
Batting: LHB Willie Aikens 0-0: Called Strike
0-1: Foul Ball, location: 2F
0-2: Strikes out looking
Batting: SHB Reggie Smith 0-0: Foul Ball, location: 2F
0-1: Ball
1-1: Ball
2-1: Ball
3-1: Foul Ball, location: 2F
3-2: SINGLE (Groundball, 6, EV 94.4 MPH)
Batting: SHB Dave Collins 0-0: TRIPLE (Flyball, 9LD, EV 111.3 MPH)
Reggie Smith scores
Batting: RHB Kevin Klettke 0-0: Foul Ball, location: 2F
0-1: Ball
1-1: Fly out, F4 (Popup, 4D, EV 70.6 MPH)
Top of the 4th over - 3 runs, 4 hits, 0 errors, 1 left on base; Boston 8 - Minnesota 3
BOTTOM OF THE 4TH
Minnesota Twins batting - Pitching for Boston Red Sox : LHP Victor Rose
Batting: RHB Larry Hisle 0-0: Called Strike
0-1: Ball
1-1: Ball
2-1: Ball
3-1: Base on Balls
Batting: RHB George Foster 0-0: Ball
1-0: Ball
2-0: Ball
3-0: Called Strike
3-1: Called Strike
3-2: Base on Balls
Larry Hisle to second
Batting: LHB Ken Oberkfell 0-0: Ball
1-0: Called Strike
1-1: Swinging Strike
1-2: Ball
2-2: Strikes out swinging
Batting: RHB Taylor Duncan 0-0: Ball
1-0: Called Strike
1-1: Foul Ball, location: 2F
1-2: Fly out, F1 (Line Drive, P, EV 71.3 MPH)
Batting: RHB Lee Lacy 0-0: Fly out, F6 (Line Drive, 6, EV 63.1 MPH)
Bottom of the 4th over - 0 runs, 0 hits, 0 errors, 2 left on base; Boston 8 - Minnesota 3
TOP OF THE 5TH
Boston Red Sox batting - Pitching for Minnesota Twins : RHP Mark Fidrych
Batting: SHB Scotti Madison 0-0: Ball
1-0: Ball
2-0: Foul Ball, location: 2F
2-1: Ground out 4-3 (Groundball, 4, EV 90.0 MPH)
Batting: SHB Nelson Norman 0-0: Ball
1-0: Swinging Strike
1-1: Swinging Strike
1-2: Ground out 3-1 (Groundball, 34, EV 104.4 MPH)
Batting: LHB Claudell Washington 0-0: Swinging Strike
0-1: Ball
1-1: Ball
2-1: SINGLE (Groundball, 25, EV 66.3 MPH) (infield hit)
Batting: RHB Richie Zisk 0-0: Called Strike
0-1: Ball
Claudell Washington steals 2nd base
1-1: Fly out, F9 (Flyball, 9LM, EV 102.5 MPH)
Top of the 5th over - 0 runs, 1 hit, 0 errors, 1 left on base; Boston 8 - Minnesota 3
BOTTOM OF THE 5TH
Minnesota Twins batting - Pitching for Boston Red Sox : LHP Victor Rose
Batting: RHB Steve Brye 0-0: Ball
1-0: Fly out, F9 (Flyball, 89S, EV 79.4 MPH)
Batting: RHB Tom Brown 0-0: Ball
1-0: Ball
2-0: Ball
3-0: Swinging Strike
3-1: Foul Ball, location: 2F
3-2: Base on Balls
Batting: RHB Randy Edwards 0-0: Fly out, F4 (Popup, 4M, EV 53.8 MPH)
Batting: RHB Chet Lemon 0-0: Ball
1-0: Fly out, F9 (Flyball, 9S, EV 90.6 MPH)
Bottom of the 5th over - 0 runs, 0 hits, 0 errors, 1 left on base; Boston 8 - Minnesota 3
TOP OF THE 6TH
Boston Red Sox batting - Pitching for Minnesota Twins : RHP Mark Fidrych
Batting: LHB George Brett 0-0: Ball
1-0: Ball
2-0: Called Strike
2-1: Reached on error, E4 (Groundball, 4, EV 104.4 MPH)
Batting: LHB Willie Aikens 0-0: Ball
1-0: Called Strike
1-1: Foul Ball, location: 2F
1-2: Foul Ball, location: 2F
1-2: Fly out, F4 (Line Drive, 4, EV 70.0 MPH)
Batting: SHB Reggie Smith 0-0: Called Strike
0-1: Ground out 1-3 (Groundball, 13S, EV 68.1 MPH)
George Brett to third
Batting: SHB Dave Collins 0-0: Ball
1-0: Called Strike
1-1: Foul Ball, location: 2F
1-2: Ball
2-2: 2-RUN HOME RUN (Flyball, 89XD, EV 98.8 MPH), Distance : 428 ft
Batting: RHB Kevin Klettke 0-0: Ball
1-0: Fly out, F9 (Flyball, 89M, EV 90.0 MPH)
Top of the 6th over - 2 runs, 1 hit, 1 error, 0 left on base; Boston 10 - Minnesota 3
BOTTOM OF THE 6TH
Minnesota Twins batting - Pitching for Boston Red Sox : LHP Victor Rose
Batting: RHB Larry Hisle 0-0: Fly out, F8 (Flyball, 8RD, EV 106.3 MPH)
Batting: RHB George Foster 0-0: Hit by Pitch
Batting: LHB Ken Oberkfell 0-0: Called Strike
0-1: Called Strike
0-2: Ball
1-2: Strikes out swinging
Batting: RHB Taylor Duncan 0-0: Ball
1-0: Swinging Strike
1-1: Ball
2-1: Ball
3-1: Foul Ball, location: 2F
3-2: Base on Balls
George Foster to second
Batting: RHB Lee Lacy 0-0: Swinging Strike
0-1: Swinging Strike
0-2: Foul Ball, location: 2F
0-2: Ball
1-2: Ball
2-2: Ball
3-2: Strikes out swinging
Bottom of the 6th over - 0 runs, 0 hits, 0 errors, 2 left on base; Boston 10 - Minnesota 3
TOP OF THE 7TH
Boston Red Sox batting - Pitching for Minnesota Twins : RHP Mark Fidrych
Batting: SHB Scotti Madison 0-0: Ground out U3 (Groundball, 34, EV 103.1 MPH)
Batting: SHB Nelson Norman 0-0: Ball
1-0: Ball
2-0: Ball
3-0: Called Strike
3-1: Foul Ball, location: 2F
3-2: Foul Ball, location: 2F
3-2: Base on Balls
Batting: LHB Claudell Washington 0-0: Called Strike
0-1: Swinging Strike
0-2: Ball
1-2: Ball
2-2: Fly out, F8 (Line Drive, 8RXD, EV 112.5 MPH)
Batting: RHB Richie Zisk 0-0: Foul Ball, location: 2F
0-1: SINGLE (Groundball, 56D, EV 95.0 MPH)
Nelson Norman to second
Batting: LHB George Brett 0-0: Ball
1-0: Swinging Strike
1-1: Foul Ball, location: 2F
1-2: Foul Ball, location: 2F
1-2: Fly out, F9 (Flyball, 89D, EV 83.1 MPH)
Top of the 7th over - 0 runs, 1 hit, 0 errors, 2 left on base; Boston 10 - Minnesota 3
BOTTOM OF THE 7TH
Minnesota Twins batting - Pitching for Boston Red Sox : LHP Victor Rose
Pitching: RHP Luis Albo
Batting: RHB Steve Brye 0-0: Ball
1-0: Foul Ball, location: 2F
1-1: Foul Ball, location: 2F
1-2: Ball
2-2: Foul Ball, location: 2F
2-2: Ball
3-2: SINGLE (Groundball, 4MD, EV 95.0 MPH)
Batting: RHB Tom Brown 0-0: Foul Ball, location: 2F
0-1: Called Strike
0-2: Ball
1-2: Strikes out looking
Batting: RHB Randy Edwards 0-0: Ball
1-0: SINGLE (Groundball, 6MS, EV 70.0 MPH) (infield hit)
Steve Brye to second
Pinch Hitting: LHB Eloy Escobedo 0-0: Ball
1-0: Foul Ball, location: 2F
1-1: Grounds into double play, 4-6-3 (Groundball, 4S, EV 90.6 MPH)
Bottom of the 7th over - 0 runs, 2 hits, 0 errors, 1 left on base; Boston 10 - Minnesota 3
TOP OF THE 8TH
Boston Red Sox batting - Pitching for Minnesota Twins : RHP Mark Fidrych
Now in LF: Eloy Escobedo
Batting: LHB Willie Aikens 0-0: Fly out, F9 (Flyball, 89M, EV 93.1 MPH)
Batting: SHB Reggie Smith 0-0: Ball
1-0: Foul Ball, location: 2F
1-1: SINGLE (Groundball, 34D, EV 103.8 MPH)
Pitching: RHP David Roberts
Batting: SHB Dave Collins 0-0: SINGLE (Groundball, 34D, EV 109.4 MPH)
Reggie Smith to second
Batting: RHB Kevin Klettke 0-0: Ground out 5-3 (Groundball, 5S, EV 70.0 MPH)
Reggie Smith to third
Dave Collins to second
Batting: SHB Scotti Madison 0-0: Ball
1-0: Swinging Strike
1-1: Swinging Strike
1-2: Ball
2-2: Ball
3-2: Foul Ball, location: 2F
3-2: Base on Balls
Batting: SHB Nelson Norman 0-0: Ground out 3-1 (Groundball, 34S, EV 91.9 MPH)
Top of the 8th over - 0 runs, 2 hits, 0 errors, 3 left on base; Boston 10 - Minnesota 3
BOTTOM OF THE 8TH
Minnesota Twins batting - Pitching for Boston Red Sox : RHP Luis Albo
Now in CF: Daryl Sconiers
Batting: RHB Larry Hisle 0-0: Foul Ball, location: 2F
0-1: Foul Ball, location: 2F
0-2: Strikes out swinging
Pinch Hitting: SHB Jerry Mumphrey 0-0: Ball
1-0: Called Strike
1-1: Foul Ball, location: 2F
1-2: Ball
2-2: Ground out 5-3 (Groundball, 56S, EV 61.3 MPH)
Batting: LHB Ken Oberkfell 0-0: Ground out U3 (Groundball, 3, EV 81.9 MPH)
Bottom of the 8th over - 0 runs, 0 hits, 0 errors, 0 left on base; Boston 10 - Minnesota 3
TOP OF THE 9TH
Boston Red Sox batting - Pitching for Minnesota Twins : RHP David Roberts
Now in RF: Jerry Mumphrey
Batting: LHB Claudell Washington 0-0: Ball
1-0: Called Strike
1-1: Ground out U3 (Groundball, 3, EV 85.6 MPH)
Batting: RHB Richie Zisk 0-0: Ground out 4-3 (Groundball, 4S, EV 88.1 MPH)
Batting: LHB George Brett 0-0: Ground out 6-3 (Groundball, 4M, EV 90.0 MPH)
Top of the 9th over - 0 runs, 0 hits, 0 errors, 0 left on base; Boston 10 - Minnesota 3
BOTTOM OF THE 9TH
Minnesota Twins batting - Pitching for Boston Red Sox : RHP Luis Albo
Batting: RHB Taylor Duncan 0-0: Ball
1-0: Ball
2-0: Called Strike
2-1: Swinging Strike
2-2: Foul Ball, location: 2F
2-2: Ball
3-2: Strikes out looking
Pitching: RHP Bruce Sutter
Pinch Hitting: SHB Tony Bernazard 0-0: Ball
1-0: Ground out 4-3 (Groundball, 4D, EV 78.1 MPH)
Batting: RHB Steve Brye 0-0: Foul Ball, location: 2F
0-1: Ball
1-1: Swinging Strike
1-2: Foul Ball, location: 2F
1-2: Foul Ball, location: 2F
1-2: Ball
2-2: Foul Ball, location: 2F
2-2: Foul Ball, location: 2F
2-2: Ball
3-2: Ground out 5-3 (Groundball, 56, EV 83.1 MPH)
Bottom of the 9th over - 0 runs, 0 hits, 0 errors, 0 left on base; Boston 10 - Minnesota 3
Thursday, July 30th, 2020 - OOTP Baseball 21.5 Build 71